 Dungeon Crawl Stone Soup version 0.28-a0-1184-g53156a8862 (webtiles) character file.

Game seed: 9929334551111587279

43 Gwenloh the Sneak (level 3, 0/22 HPs)
             Began as a Kobold Brigand on Dec 18, 2021.
             Slain by Natasha (7 damage)
             ... on level 2 of the Dungeon.
             The game lasted 00:05:12 (1421 turns).

Gwenloh the Sneak (Kobold Brigand)                  Turns: 1421, Time: 00:05:12

Health: 0/22       AC:  4    Str:  8    XL:     3   Next: 82%
Magic:  3/3        EV: 15    Int: 12    God:
Gold:   16         SH:  0    Dex: 18    Spells: 0/2 levels left

rFire   . . .      SeeInvis .   a - +2 dagger
rCold   . . .      Faith    .   (shield restricted)
rNeg    . . .      Spirit   .   j - +0 robe
rPois   .          Reflect  .   (no helmet)
rElec   .          Harm     .   f - +1 cloak
rCorr   .          Rampage  .   (no gloves)
Will    .....                   (no boots)
Stlth   ++++......              (no amulet)
HPRegen 0.07/turn               (no ring)
MPRegen 0.08/turn               (no ring)

@: slowed, very slow
A: small, no large weapons, nightstalker 3
a: no special abilities


You were on level 2 of the Dungeon.
You visited 1 branch of the dungeon, and saw 2 of its levels.

You collected 16 gold pieces.

Inventory:

Hand Weapons
 a - a +2 dagger (weapon)
 b - a +0 rapier
Missiles
 d - 8 poisoned darts (quivered)
 e - 2 curare-tipped darts
 g - 27 stones
Armour
 f - a +1 cloak (worn)
 j - a +0 robe (worn)
Scrolls
 c - a scroll of brand weapon {unknown}
 h - a scroll of identify {unknown}
Potions
 i - a potion of curing {unknown}


   Skills:
 + Level 2.6 Fighting
 + Level 3.3 Short Blades
 - Level 2.1 Throwing
 + Level 2.0 Dodging
 * Level 6.1 Stealth


You couldn't memorise any spells.
You knew the following spells:

 Your Spells              Type           Power      Damage    Failure   Level
a - Blink                 Tloc           0%         N/A       45%         2

Your spell library contained the following spells:

 Spells                   Type           Power      Damage    Failure   Level
 Freeze                   Ice            0%         1d3       32%         1
 Frozen Ramparts          Ice            0%         1d2       69%         3
 Lesser Beckoning         Tloc           0%         N/A       69%         3
 Hailstorm                Conj/Ice       0%         3d3       97%         4
 Manifold Assault         Tloc           0%         N/A       100%        5


Dungeon Overview and Level Annotations

Branches:
Dungeon (2/15)

Altars:

Annotations:
D:2 Natasha


Innate Abilities, Weirdness & Mutations

You are small and have problems with some larger weapons.
You are completely attuned to the shadows.


Message History

You perforate the worm like a sieve!!!
You kill the worm!
Natasha hisses angrily.
You hit Natasha but do no damage. Natasha claws you.
You barely miss Natasha. Natasha barely misses you.
You closely miss Natasha. You hit Natasha.
Natasha is lightly wounded.
Natasha closely misses you.
You hit Natasha.
Natasha is heavily wounded.
Natasha misses you.
You hit Natasha.
Natasha is heavily wounded.
Natasha misses you.
You closely miss Natasha.
Natasha is heavily wounded.
Natasha mumbles some strange words.
You hit Natasha.
Natasha is severely wounded.
Natasha claws you.
You barely miss Natasha.
Natasha is severely wounded.
The crimson imp hits you but does no damage.
You hit Natasha.
Natasha is severely wounded.
Natasha stares at you and mumbles some strange words.
You feel yourself slow down. The crimson imp closely misses you.
Natasha casts a spell at you. The magic dart hits you.
You hit Natasha but do no damage.
Natasha is severely wounded.
Natasha closely misses you.
You closely miss Natasha.
Natasha is severely wounded.
Natasha closely misses you.
You hit Natasha but do no damage.
Natasha is severely wounded.
Natasha claws you.
The crimson imp blinks!
Natasha claws you!
You die...

##<## ##.#.##
######.###.#####
...............#
######.###.###.#
##.#.## #.#
##.## #.# ###
#.# #@# #h#
...(ยง....
##.....##
#.......
#.###.##


You could see Natasha.

Vanquished Creatures
  2 dart slugs (D:1)
  A worm (D:2)
  A ball python (D:1)
  6 bats
  6 endoplasms (D:1)
  A goblin (D:1)
  3 hobgoblins (D:1)
  6 jackals (D:1)
  2 quokkas
  A frilled lizard (D:1)
  3 rats (D:1)
32 creatures vanquished.

Notes
Turn   | Place    | Note
-------+----------+-------------------------------------------
     0 | D:1      | Gwenloh the Kobold Brigand began the quest for the Orb.
     0 | D:1      | Reached XP level 1. HP: 12/12 MP: 1/1
   130 | D:1      | Reached XP level 2. HP: 18/18 MP: 2/2
   479 | D:1      | Reached XP level 3. HP: 22/22 MP: 3/3
   666 | D:1      | Reached skill level 6 in Stealth
   672 | D:1      | Learned a level 2 spell: Blink
  1344 | D:2      | Noticed an ogre
  1404 | D:2      | Noticed Natasha
  1421 | D:2      | Slain by Natasha

Illustrated notes

Levels and vault maps discovered:
D:1:      nicolae_arrival_somewhat_less_tricky_arrival, layout_loops_corners,
          minmay_pentomino_p2
D:2:      layout_loops_ring, uniq_natasha

Skill      XL: |  1  2  3 |
---------------+----------+-----
Short Blades   | 3 |  3.3
Stealth        | 6 |  6.1
Dodging        | 2 |  2.0
Fighting       | |  2.6
Throwing       | |  2.1

Action                   || total
-------------------------++-------
Melee: Dagger            ||    77
       Rapier            ||    10
 Stab: Sleeping          ||    21
Armor: Robe              ||    11
Dodge: Dodged            ||    53

Table legend: (Time is in decaauts)
 A = Elapsed time spent in this place.
 B = Non-inter-level travel time spent in this place.
 C = Inter-level travel time spent in this place.
 D = Time resting spent in this place.
 E = Time spent auto-exploring this place.
 F = Levels seen in this place.
 G = Mean time per level.
                   A        B        C        D        E       F      G
               +--------+--------+--------+--------+--------+-----+--------+
         Total |   1410 |   1349 |     61 |      2 |   1062 |   2 |  705.0 |
       Dungeon |   1410 |   1349 |     61 |      2 |   1062 |   2 |  705.0 |
               +--------+--------+--------+--------+--------+-----+--------+

Top non-repeatable levels by time:
     D:1: 1274 daAuts
     D:2: 136 daAuts
